Map: Neon Violet Square LE

Players

Infamous - Winner!

  • Race: Protoss Protoss
  • League: Silver
  • Spawn Location: 11:00

ChrisBerto

  • Race: Terran Terran
  • League: Gold
  • Spawn Location: 5:00

VOD

Have the link to the VOD?

Description

Time

  • Played on: April 10, 2018, 1:05 p.m.
  • Length: 20:07
Show
View Real Time Build Order
Export as new Build Order

Infamous Protoss - Winner!

Build Orders:  

Get SALT Encoding   

  12  0:09  Probe (Chrono Boost)  
  13  0:16  Pylon  
  13  0:26  Probe (Chrono Boost)  
  14  0:35  Gateway  
  14  0:38  Probe  
  15  0:51  Probe  
  15  0:54  Assimilator  
  16  1:03  Probe  
  17  1:12  Gateway  
  17  1:17  Probe  
  18  1:24  Cybernetics Core  
  18  1:31  Probe  
  18  1:32  Assimilator  
  19  1:43  Probe  
  20  1:55  Probe  
  20  1:59  Stalker (Chrono Boost)  
  23  2:13  Pylon  
  23  2:16  Warp Gate  
  23  2:17  Probe  
  23  2:31  Stalker  
  23  2:34  Probe  
  23  2:36  Pylon  
  26  2:46  Probe, Pylon  
  26  2:48  Sentry  
  29  3:05  Probe  
  30  3:17  Probe, Stalker (Chrono Boost)  
  33  3:29  Nexus  
  33  3:32  Probe  
  36  3:40  Stalker (Chrono Boost)  
  36  3:46  Sentry (Chrono Boost)  
  38  3:50  Probe  
  39  4:13  Robotics Facility  
  39  4:18  Probe  
  40  4:34  Adept  
  40  4:35  Pylon, Adept  
  44  4:42  Twilight Council  
  44  4:46  Forge  
  44  4:47  Pylon  
  44  4:48  Probe (Chrono Boost)  
  46  4:53  Probe (Chrono Boost)  
  46  4:58  Probe (Chrono Boost), Stalker  
  49  5:00  Sentry  
  49  5:02  Observer  
  52  5:26  Probe (Chrono Boost)  
  54  5:29  Gateway  
  54  5:30  Gateway  
  54  5:31  Probe (Chrono Boost), Blink (Chrono Boost)  
  54  5:33  Gateway  
  54  5:37  Probe (Chrono Boost)  
  54  5:41  Stalker  
  57  5:43  Sentry  
  59  5:56  Immortal (Chrono Boost)  
  63  6:06  Probe x2, Assimilator  
  63  6:10  Protoss Ground Weapons Level 1  
  63  6:11  Assimilator  
  65  6:20  Shield Battery x2  
  65  6:29  Zealot x3  
  65  6:30  Zealot  
  73  6:50  Stalker x2  
  77  6:57  Probe  
  78  7:07  Pylon  
  78  7:10  Pylon  
  78  7:25  Probe, Immortal  
  78  7:26  Stalker  
  78  7:29  Zealot x4  
  93  7:38  Pylon  
  71  8:07  Stalker  
  71  8:08  Stalker x4  
  65  8:35  Stalker x5  
  55  8:50  Immortal  
  54  9:13  Probe  
  54  9:14  Probe  
  54  9:16  Sentry x2  
  58  9:26  Probe  
  59  9:32  Stalker  
  61  9:43  Immortal  
  65  9:53  Probe x2  
  65  9:54  Pylon  
  67  10:05  Sentry x3  
  67  10:06  Zealot x2  
  77  10:32  Stalker x3  
  77  10:33  Stalker  
  85  10:41  Immortal  
  85  11:21  Nexus  
  85  11:27  Robotics Bay  
  85  11:35  Stalker  
  85  11:36  Stalker x4  
  95  11:40  Phoenix  
  95  11:44  Probe x2  
  97  11:54  Protoss Ground Armor Level 1 (Chrono Boost)  
  97  11:57  Charge  
  97  12:05  Forge  
  43  12:31  Stalker  
  43  12:32  Stalker x2  
  43  12:33  Sentry x2  
  53  12:40  Probe  
  53  12:41  Probe x2  
  53  12:43  Protoss Ground Weapons Level 2 (Chrono Boost)  
  56  12:53  Probe x3  
  56  12:56  Stalker  
  61  12:58  Zealot  
  61  12:59  Zealot x3  
  69  13:11  Probe  
  70  13:15  Extended Thermal Lance (Chrono Boost)  
  70  13:22  Assimilator  
  70  13:28  Probe (Chrono Boost)  
  70  13:32  Sentry  
  73  13:34  Adept x2  
  73  13:36  Zealot  
  73  13:37  Probe (Chrono Boost)  
  80  13:54  Colossus (Chrono Boost)  
  80  13:57  Assimilator  
  80  14:01  Stalker  
  88  14:03  Zealot x4  
  96  14:21  Probe x3  
  99  14:35  Gateway  
  99  14:38  Gateway  
  99  14:46  Colossus (Chrono Boost)  
  105  15:05  Probe x2  
  107  15:07  Sentry x2, Stalker x2  
  107  15:08  Stalker  
  117  15:26  Probe  
  117  15:27  Probe  
  120  15:38  Observer (Chrono Boost)  
  120  15:47  Stalker  
  120  15:48  Stalker  
  124  15:56  Pylon, Protoss Ground Armor Level 2 (Chrono Boost)  
  124  15:58  Pylon  
  124  15:59  Photon Cannon  
  124  16:01  Photon Cannon  
  124  16:04  Pylon  
  124  16:07  Pylon  
  124  16:13  Colossus  
  122  16:43  Stalker  
  122  16:44  Stalker x5  
  108  17:07  Colossus  
  109  17:25  Stalker  
  109  17:27  Stalker, Robotics Facility  
  109  17:28  Stalker x4  
  121  17:37  Probe  
  122  17:50  Templar Archives  
  122  18:00  Colossus  
  122  18:04  Nexus  
  128  18:13  Stalker x4  
  136  18:24  Pylon  
  136  18:26  Pylon  
  108  19:07  Stalker x3  
  108  19:08  Stalker x4  
  124  19:34  Stalker  
  124  19:35  Stalker  
Show
View Real Time Build Order
Export as new Build Order

ChrisBerto Terran 

Build Orders: Reaper Expand, MMM Bio 

Get SALT Encoding   

  12  0:06  SCV  
  13  0:18  SCV  
  14  0:21  Supply Depot  
  14  0:30  SCV  
  15  0:43  SCV  
  15  0:45  Barracks  
  16  0:51  Refinery  
  16  0:55  SCV  
  17  1:09  SCV  
  18  1:21  SCV  
  19  1:38  Reaper  
  20  1:41  Command Center  
  20  1:48  Orbital Command  
  20  2:12  Supply Depot  
  20  2:28  Factory  
  20  2:38  Barracks Reactor  
  20  2:39  SCV, Refinery  
  20  2:51  SCV  
  21  3:12  Orbital Command  
  21  3:13  SCV  
  21  3:17  Factory Tech Lab  
  22  3:22  Starport  
  22  3:25  SCV  
  23  3:36  Marine  
  23  3:37  Marine, SCV  
  23  3:38  Siege Tank  
  29  3:46  SCV  
  30  3:49  SCV  
  31  4:03  Supply Depot  
  31  4:06  Barracks  
  31  4:09  Supply Depot  
  31  4:13  Barracks  
  31  4:18  SCV  
  31  4:19  SCV  
  31  4:21  Liberator  
  33  4:26  Supply Depot  
  33  4:30  SCV  
  34  4:32  SCV, Engineering Bay  
  35  4:41  Siege Tank  
  35  4:43  Marine x2  
  43  4:57  Engineering Bay  
  43  5:23  SCV  
  43  5:24  SCV  
  45  5:35  Command Center  
  45  5:36  SCV x2  
  45  5:39  Terran Infantry Weapons Level 1, Terran Infantry Armor Level 1  
  45  5:40  Armory  
  47  5:44  Supply Depot  
  47  5:48  SCV  
  47  5:49  Supply Depot  
  48  5:55  Medivac  
  50  5:57  Barracks Tech Lab  
  50  5:59  Barracks Tech Lab  
  50  6:07  Supply Depot  
  50  6:23  SCV x2  
  52  6:29  Supply Depot  
  52  6:32  Marine  
  53  6:33  Marine x3  
  53  6:35  Stimpack, SCV x2, Combat Shields  
  58  6:47  SCV, Refinery  
  58  6:48  SCV  
  58  6:50  Marine x3, Refinery  
  58  6:51  Marine, Orbital Command  
  58  6:52  Supply Depot  
  64  6:59  SCV  
  64  7:00  SCV  
  65  7:17  Marine  
  65  7:18  Marine x3  
  69  7:35  Marine, Siege Tank  
  69  7:36  Marine x2, Marauder  
  77  7:38  SCV x2  
  62  7:53  Marine x3  
  62  7:54  Concussive Shells  
  62  7:58  Marauder  
  55  8:11  Marine x3  
  58  8:19  Marauder  
  60  8:29  Marine x3  
  58  8:40  Orbital Command, Marauder  
  53  8:46  Marine  
  53  8:47  Marine x2  
  51  9:01  Marine  
  52  9:04  Marine  
  52  9:05  Marine x2  
  52  9:07  Liberator  
  49  9:19  Marine  
  49  9:22  Marine x3, Siege Tank  
  55  9:31  Barracks  
  55  9:32  Orbital Command  
  55  9:37  Marine  
  56  9:40  Marine x3  
  59  9:53  Terran Infantry Armor Level 2, Terran Infantry Weapons Level 2  
  59  9:55  Marine  
  59  9:58  Marine x3  
  63  10:07  Starport Reactor  
  63  10:31  Marine x2  
  63  10:32  Marine x2  
  64  10:43  Barracks  
  64  10:46  Barracks Reactor  
  64  10:49  Marine x2  
  66  10:50  Marine x2  
  66  10:55  Medivac  
  70  10:58  Medivac  
  72  11:07  Marine x4  
  76  11:24  Marine, Orbital Command  
  76  11:25  Marine x2  
  79  11:56  Medivac x2  
  66  12:26  Medivac x2  
  68  12:34  Marine  
  68  12:35  Marine x3  
  72  12:42  Orbital Command  
  72  12:45  Barracks Reactor  
  72  13:03  Command Center  
  72  13:14  Marine x2  
  74  13:37  SCV x2  
  76  13:43  Terran Infantry Weapons Level 3  
  76  13:46  Terran Infantry Armor Level 3  
  76  13:49  SCV x2  
  76  13:50  Marine x4  
  76  13:51  Marine  
  76  13:52  Marine  
  84  14:01  SCV  
  84  14:02  SCV  
  86  14:04  Marine  
  86  14:05  Marine  
  86  14:08  Marine x4  
  86  14:09  Marine  
  93  14:10  Marine, Siege Tank  
  93  14:13  SCV  
  98  14:22  Marine x2  
  100  14:25  Marine, Missile Turret x2  
  100  14:27  Missile Turret  
  101  14:47  Orbital Command  
  101  14:49  Missile Turret  
  101  14:50  Missile Turret  
  101  14:53  Missile Turret  
  101  14:59  Command Center  
  101  15:02  Marine  
  101  15:03  Marine  
  101  15:04  Marine  
  104  15:48  Marine x8  
  112  16:06  Marine x8  
  120  16:15  Medivac, Siege Tank  
  125  16:23  Marine  
  125  16:24  Marine x7  
  103  16:41  Marine  
  103  16:42  Marine x3  
  86  16:47  Siege Tank  
  75  17:00  Marine  
  75  17:01  Marine x7  
  57  17:18  Marine x4  
  57  17:19  Marine  
  57  17:20  Marine x2  
  64  17:28  Medivac  
  66  17:50  Medivac  
  68  17:52  Marine  
  68  17:58  Medivac  
  43  18:50  Marine  
  43  18:51  Marine x6  
  41  19:09  Marine x6  
  39  19:11  Orbital Command  
  28  19:27  Marine  
Tags
 
Add a new tag
Caveats
  • Supply blocks, unpowered buildings, or Contaminate may cause inaccurate times.
  • Supply counts are checked every 10 seconds.